TOP OF THE 1ST |
Florida State University Seminoles batting - Pitching for University of Oklahoma Sooners : RHP Chris Hupp
|
Pitching: RHP Chris Hupp
|
|
Batting: RHB Paul Holland
|
0-0: Called Strike 0-1: SINGLE (Groundball, 6S, EV 64.4 MPH) (infield hit)
|
Batting: LHB Raul Maldonado
|
0-0: Ball 1-0: Called Strike 1-1: Ball 2-1: Foul Ball, location: 2F 2-2: Ball 3-2: Base on Balls Paul Holland to second
|
Batting: RHB Lupe Barrera
|
0-0: Called Strike 0-1: Ball 1-1: Ball 2-1: Foul Ball, location: 2F 2-2: Foul Ball, location: 2F 2-2: SINGLE (Line Drive, 6MD, EV 98.8 MPH) Paul Holland to third Raul Maldonado to second
|
Batting: RHB Rafael Gil
|
0-0: Ball 1-0: GRAND SLAM HOME RUN (Flyball, 7D, EV 101.3 MPH), Distance : 369 ft
|
Batting: SHB Ed Mosqueda
|
0-0: Called Strike 0-1: Ball 1-1: Ball 2-1: Called Strike 2-2: Ball 3-2: Fly out, F8 (Flyball, 8LXD, EV 110.0 MPH)
|
Batting: RHB Manny Hensley
|
0-0: Ball 1-0: SINGLE (Line Drive, 78S, EV 88.1 MPH)
|
Batting: RHB Jeremy Buck
|
0-0: Foul Ball, location: 2F 0-1: Foul Ball, location: 2F 0-2: Strikes out swinging
|
Batting: SHB Alex Noval
|
0-0: Swinging Strike 0-1: Called Strike 0-2: Ball 1-2: Foul Ball, location: 2F 1-2: Strikes out looking
|
Top of the 1st over - 4 runs, 4 hits, 0 errors, 1 left on base; Florida State University 4 - University of Oklahoma 0 |
BOTTOM OF THE 1ST |
University of Oklahoma Sooners batting - Pitching for Florida State University Seminoles : LHP Victor Quiros
|
Pitching: LHP Victor Quiros
|
|
Batting: RHB Margh Couch
|
0-0: Ball 1-0: Ball 2-0: Swinging Strike 2-1: SINGLE (Groundball, 6S, EV 70.0 MPH) (infield hit)
|
Batting: RHB Josh Lynch
|
0-0: Ball 1-0: Called Strike 1-1: Called Strike 1-2: Ground out 4-3 (Groundball, 4, EV 85.0 MPH) Margh Couch to second
|
Batting: RHB Connell Boyle Jr.
|
0-0: Ground out 6-3 (Groundball, 6, EV 79.4 MPH) Margh Couch to third
|
Batting: RHB Carlos Gonzales
|
0-0: Foul Ball, location: 2F 0-1: Ground out 6-3 (Groundball, 6, EV 87.5 MPH)
|
Bottom of the 1st over - 0 runs, 1 hit, 0 errors, 1 left on base; Florida State University 4 - University of Oklahoma 0 |
TOP OF THE 2ND |
Florida State University Seminoles batting - Pitching for University of Oklahoma Sooners : RHP Chris Hupp
|
Batting: RHB Bob Buckler
|
0-0: Foul Ball, location: 2F 0-1: Foul Ball, location: 2F 0-2: Ball 1-2: Ball 2-2: Ground out 4-3 (Groundball, 4, EV 88.1 MPH)
|
Batting: RHB Paul Holland
|
0-0: Ball 1-0: Ground out 6-3 (Groundball, 6, EV 84.4 MPH)
|
Batting: LHB Raul Maldonado
|
0-0: Ball 1-0: Called Strike 1-1: Swinging Strike 1-2: Strikes out swinging
|
Top of the 2nd over - 0 runs, 0 hits, 0 errors, 0 left on base; Florida State University 4 - University of Oklahoma 0 |
BOTTOM OF THE 2ND |
University of Oklahoma Sooners batting - Pitching for Florida State University Seminoles : LHP Victor Quiros
|
Batting: SHB Cesar Carrasquillo
|
0-0: Ball 1-0: Called Strike 1-1: Ground out 6-3 (Groundball, P, EV 82.5 MPH)
|
Batting: RHB Jesus Montana
|
0-0: Foul Ball, location: 2F 0-1: Fly out, F6 (Popup, 4MD, EV 46.9 MPH)
|
Batting: RHB Terrell Smith
|
0-0: Ball 1-0: Ball 2-0: Foul Ball, location: 2F 2-1: Swinging Strike 2-2: Ball 3-2: Ground out 5-3 (Groundball, 5L, EV 101.9 MPH)
|
Bottom of the 2nd over - 0 runs, 0 hits, 0 errors, 0 left on base; Florida State University 4 - University of Oklahoma 0 |
TOP OF THE 3RD |
Florida State University Seminoles batting - Pitching for University of Oklahoma Sooners : RHP Chris Hupp
|
Batting: RHB Lupe Barrera
|
0-0: Ball 1-0: SINGLE (Groundball, 4MD, EV 111.3 MPH)
|
Batting: RHB Rafael Gil
|
0-0: Ball 1-0: Ball 2-0: Called Strike 2-1: Foul Ball, location: 2F 2-2: Ball 3-2: Foul Ball, location: 2F 3-2: Foul Ball, location: 2F 3-2: Strikes out swinging
|
Batting: SHB Ed Mosqueda
|
0-0: Fly out, F2 (Popup, 2L, EV 85.0 MPH)
|
Batting: RHB Manny Hensley
|
0-0: Called Strike 0-1: Foul Ball, location: 2F 0-2: Strikes out swinging
|
Top of the 3rd over - 0 runs, 1 hit, 0 errors, 1 left on base; Florida State University 4 - University of Oklahoma 0 |
BOTTOM OF THE 3RD |
University of Oklahoma Sooners batting - Pitching for Florida State University Seminoles : LHP Victor Quiros
|
Batting: RHB Patrick Pinault
|
0-0: SINGLE (Line Drive, 78S, EV 88.8 MPH)
|
Batting: RHB Edwin Gutierrez
|
0-0: Called Strike 0-1: Called Strike Patrick Pinault steals 2nd base (no throw) 0-2: Ball 1-2: Reached on error, E4 (Groundball, 4, EV 106.3 MPH) Patrick Pinault to third
|
Batting: RHB Margh Couch
|
0-0: Foul Ball, location: 2F 0-1: Fielders Choice at 2nd, 6-4 (Groundball, 6, EV 86.9 MPH) Patrick Pinault scores
|
Batting: RHB Josh Lynch
|
0-0: Ball 1-0: Called Strike 1-1: Ball 2-1: Fly out, F9 (Flyball, 9LS, EV 85.0 MPH)
|
Batting: RHB Connell Boyle Jr.
|
0-0: Ball 1-0: Ball 2-0: Called Strike 2-1: SINGLE (Groundball, 34D, EV 101.3 MPH) Margh Couch to second Runner from 2nd tries for 3rd, SAFE, throw by RF made to third
|
Batting: RHB Carlos Gonzales
|
0-0: Called Strike 0-1: Fielders Choice at 2nd, U6 (Groundball, 6M, EV 101.9 MPH)
|
Bottom of the 3rd over - 1 run, 2 hits, 1 error, 2 left on base; Florida State University 4 - University of Oklahoma 1 |
TOP OF THE 4TH |
Florida State University Seminoles batting - Pitching for University of Oklahoma Sooners : RHP Chris Hupp
|
Batting: RHB Jeremy Buck
|
0-0: Ball 1-0: SINGLE (Groundball, 6M, EV 101.9 MPH) (infield hit)
|
Batting: SHB Alex Noval
|
0-0: Ball 1-0: Ball 2-0: SINGLE (Groundball, 25, EV 70.0 MPH) (infield hit) Jeremy Buck to second
|
Batting: RHB Bob Buckler
|
0-0: Called Strike 0-1: Ball 1-1: Foul Ball, location: 2F 1-2: Ball 2-2: Strikes out looking
|
Batting: RHB Paul Holland
|
0-0: Ball 1-0: Foul Ball, location: 2F 1-1: Called Strike 1-2: Ball 2-2: Ball 3-2: Foul Ball, location: 2F 3-2: Strikes out swinging
|
Batting: LHB Raul Maldonado
|
0-0: Foul Ball, location: 2F 0-1: Ball 1-1: Ball 2-1: Foul Ball, location: 2F 2-2: Ground out 6-3 (Groundball, 6D, EV 102.5 MPH)
|
Top of the 4th over - 0 runs, 2 hits, 0 errors, 2 left on base; Florida State University 4 - University of Oklahoma 1 |
BOTTOM OF THE 4TH |
University of Oklahoma Sooners batting - Pitching for Florida State University Seminoles : LHP Victor Quiros
|
Batting: SHB Cesar Carrasquillo
|
0-0: Ball 1-0: Foul Ball, location: 2F 1-1: Ball 2-1: Foul Ball, location: 2F 2-2: Fly out, F4 (Line Drive, 4, EV 71.9 MPH)
|
Batting: RHB Jesus Montana
|
0-0: Ball 1-0: Ground out 4-3 (Groundball, 4, EV 95.0 MPH)
|
Batting: RHB Terrell Smith
|
0-0: Foul Ball, location: 2F 0-1: Foul Ball, location: 2F 0-2: Ball 1-2: SINGLE (Groundball, 4MD, EV 101.3 MPH)
|
Batting: RHB Patrick Pinault
|
0-0: Ball 1-0: Fly out, F5 (Line Drive, 5, EV 68.8 MPH)
|
Bottom of the 4th over - 0 runs, 1 hit, 0 errors, 1 left on base; Florida State University 4 - University of Oklahoma 1 |
TOP OF THE 5TH |
Florida State University Seminoles batting - Pitching for University of Oklahoma Sooners : RHP Chris Hupp
|
Pitching: LHP Tony Flores
|
|
Batting: RHB Lupe Barrera
|
0-0: Swinging Strike 0-1: Called Strike 0-2: Ball 1-2: Strikes out swinging
|
Batting: RHB Rafael Gil
|
0-0: Ball 1-0: Called Strike 1-1: Ball 2-1: Ball 3-1: Foul Ball, location: 2F 3-2: Ground out U3 (Groundball, 13, EV 80.6 MPH)
|
Batting: SHB Ed Mosqueda
|
0-0: Ball 1-0: Ball 2-0: Called Strike 2-1: SINGLE (Groundball, 5D, EV 100.6 MPH)
|
Batting: RHB Manny Hensley
|
0-0: Foul Ball, location: 2F 0-1: Foul Ball, location: 2F 0-2: Strikes out swinging
|
Top of the 5th over - 0 runs, 1 hit, 0 errors, 1 left on base; Florida State University 4 - University of Oklahoma 1 |
BOTTOM OF THE 5TH |
University of Oklahoma Sooners batting - Pitching for Florida State University Seminoles : LHP Victor Quiros
|
Batting: RHB Edwin Gutierrez
|
0-0: Ground out 5-3 (Groundball, 5, EV 76.9 MPH)
|
Batting: RHB Margh Couch
|
0-0: Foul Ball, location: 2F 0-1: Ball 1-1: Ball 2-1: Ground out 1-3 (Groundball, P, EV 63.8 MPH)
|
Batting: RHB Josh Lynch
|
0-0: Foul Ball, location: 2F 0-1: Foul Ball, location: 2F 0-2: Strikes out looking
|
Bottom of the 5th over - 0 runs, 0 hits, 0 errors, 0 left on base; Florida State University 4 - University of Oklahoma 1 |
TOP OF THE 6TH |
Florida State University Seminoles batting - Pitching for University of Oklahoma Sooners : LHP Tony Flores
|
Batting: RHB Jeremy Buck
|
0-0: Called Strike 0-1: Ball 1-1: Ball 2-1: Foul Ball, location: 2F 2-2: Strikes out swinging
|
Batting: SHB Alex Noval
|
0-0: Called Strike 0-1: Ground out 5-3 (Groundball, 56S, EV 78.1 MPH)
|
Batting: RHB Bob Buckler
|
0-0: Called Strike 0-1: Ball 1-1: Ball 2-1: Ball 3-1: Base on Balls
|
Batting: RHB Paul Holland
|
0-0: Ball 1-0: Ball 2-0: Ball 3-0: Called Strike 3-1: Ground out 6-3 (Groundball, 56D, EV 103.1 MPH)
|
Top of the 6th over - 0 runs, 0 hits, 0 errors, 1 left on base; Florida State University 4 - University of Oklahoma 1 |
BOTTOM OF THE 6TH |
University of Oklahoma Sooners batting - Pitching for Florida State University Seminoles : LHP Victor Quiros
|
Batting: RHB Connell Boyle Jr.
|
0-0: Ball 1-0: Foul Ball, location: 2F 1-1: Fly out, F9 (Flyball, 9S, EV 89.4 MPH)
|
Batting: RHB Carlos Gonzales
|
0-0: Called Strike 0-1: Ball 1-1: Foul Ball, location: 2F 1-2: Strikes out swinging
|
Batting: SHB Cesar Carrasquillo
|
0-0: Called Strike 0-1: SINGLE (Groundball, 56D, EV 95.6 MPH)
|
Batting: RHB Jesus Montana
|
0-0: Ball 1-0: Ball 2-0: Foul Ball, location: 2F 2-1: Ball 3-1: Foul Ball, location: 2F 3-2: Fly out, F7 (Line Drive, 7, EV 90.0 MPH)
|
Bottom of the 6th over - 0 runs, 1 hit, 0 errors, 1 left on base; Florida State University 4 - University of Oklahoma 1 |
TOP OF THE 7TH |
Florida State University Seminoles batting - Pitching for University of Oklahoma Sooners : LHP Tony Flores
|
Batting: LHB Raul Maldonado
|
0-0: Ball 1-0: Called Strike 1-1: Swinging Strike 1-2: Strikes out swinging
|
Batting: RHB Lupe Barrera
|
0-0: Fly out, F7 (Flyball, 78S, EV 84.4 MPH)
|
Batting: RHB Rafael Gil
|
0-0: Called Strike 0-1: Ground out 4-3 (Groundball, 4, EV 86.3 MPH)
|
Top of the 7th over - 0 runs, 0 hits, 0 errors, 0 left on base; Florida State University 4 - University of Oklahoma 1 |
BOTTOM OF THE 7TH |
University of Oklahoma Sooners batting - Pitching for Florida State University Seminoles : LHP Victor Quiros
|
Pitching: RHP Brad Sanchez
|
|
Batting: RHB Terrell Smith
|
0-0: Foul Ball, location: 2F 0-1: Called Strike 0-2: Strikes out swinging
|
Batting: RHB Patrick Pinault
|
0-0: Called Strike 0-1: Called Strike 0-2: Strikes out looking
|
Pinch Hitting: RHB Sam Callahan
|
0-0: SINGLE (Line Drive, 9S, EV 103.1 MPH)
|
Batting: RHB Margh Couch
|
0-0: Ball 1-0: Ball 2-0: Swinging Strike 2-1: Foul Ball, location: 2F 2-2: Strikes out swinging
|
Bottom of the 7th over - 0 runs, 1 hit, 0 errors, 1 left on base; Florida State University 4 - University of Oklahoma 1 |
TOP OF THE 8TH |
Florida State University Seminoles batting - Pitching for University of Oklahoma Sooners : LHP Tony Flores
|
Pitching: LHP Jim Longley
|
|
Now at 3B: Sam Callahan
|
|
Batting: SHB Ed Mosqueda
|
0-0: Called Strike 0-1: Fly out, F9 (Flyball, 89M, EV 88.1 MPH)
|
Batting: RHB Manny Hensley
|
0-0: Called Strike 0-1: Swinging Strike 0-2: Strikes out swinging
|
Batting: RHB Jeremy Buck
|
0-0: Ball 1-0: Ball 2-0: Swinging Strike 2-1: Swinging Strike 2-2: DOUBLE (Flyball, 78D, EV 98.8 MPH)
|
Batting: SHB Alex Noval
|
0-0: Swinging Strike 0-1: Ball 1-1: Foul Ball, location: 2F 1-2: Foul Ball, location: 2F 1-2: Strikes out swinging
|
Top of the 8th over - 0 runs, 1 hit, 0 errors, 1 left on base; Florida State University 4 - University of Oklahoma 1 |
BOTTOM OF THE 8TH |
University of Oklahoma Sooners batting - Pitching for Florida State University Seminoles : RHP Brad Sanchez
|
Pinch Hitting: RHB Jonathan Gamez
|
0-0: Called Strike 0-1: Ball 1-1: Foul Ball, location: 2F 1-2: Ball 2-2: Ball 3-2: Foul Ball, location: 2F 3-2: SOLO HOME RUN (Flyball, 7LD, EV 90.6 MPH), Distance : 341 ft
|
Batting: RHB Connell Boyle Jr.
|
0-0: Ball 1-0: Ball 2-0: Ball 3-0: Called Strike 3-1: Ground out 5-3 (Groundball, 56S, EV 85.6 MPH)
|
Batting: RHB Carlos Gonzales
|
0-0: SINGLE (Groundball, 34D, EV 103.8 MPH)
|
Batting: SHB Cesar Carrasquillo
|
0-0: Ball 1-0: Called Strike 1-1: Foul Ball, location: 2F 1-2: Strikes out swinging
|
Batting: RHB Jesus Montana
|
0-0: Ball 1-0: Called Strike 1-1: Swinging Strike 1-2: SINGLE (Line Drive, 5D, EV 97.5 MPH) Carlos Gonzales to second
|
Pinch Hitting: SHB Sergio Carranza
|
0-0: Ball 1-0: Fielders Choice at 2nd, 5-4 (Groundball, 5, EV 87.5 MPH)
|
Bottom of the 8th over - 1 run, 3 hits, 0 errors, 2 left on base; Florida State University 4 - University of Oklahoma 2 |
TOP OF THE 9TH |
Florida State University Seminoles batting - Pitching for University of Oklahoma Sooners : LHP Jim Longley
|
Pitching: RHP Troy Hutch
|
|
Now at SS: Yang-cheng Kui
|
|
Now in RF: Roger Pelley
|
|
Batting: RHB Bob Buckler
|
0-0: Swinging Strike 0-1: Ball 1-1: Foul Ball, location: 2F 1-2: Strikes out swinging
|
Batting: RHB Paul Holland
|
0-0: Called Strike 0-1: Called Strike 0-2: Foul Ball, location: 2F 0-2: Strikes out looking
|
Batting: LHB Raul Maldonado
|
0-0: Swinging Strike 0-1: Called Strike 0-2: Foul Ball, location: 2F 0-2: Strikes out swinging
|
Top of the 9th over - 0 runs, 0 hits, 0 errors, 0 left on base; Florida State University 4 - University of Oklahoma 2 |
BOTTOM OF THE 9TH |
University of Oklahoma Sooners batting - Pitching for Florida State University Seminoles : RHP Brad Sanchez
|
Pitching: RHP Brandon Isabell
|
|
Now at 3B: Mark Conrad
|
|
Pinch Hitting: RHB Noriya Yasuda
|
0-0: Swinging Strike 0-1: Foul Ball, location: 2F 0-2: Strikes out swinging
|
Batting: RHB Sam Callahan
|
0-0: Ball 1-0: Called Strike 1-1: Foul Ball, location: 2F 1-2: Foul Ball, location: 2F 1-2: Ball 2-2: Strikes out swinging
|
Batting: RHB Margh Couch
|
0-0: Ground out 1-3 (Groundball, 13, EV 70.6 MPH)
|
Bottom of the 9th over - 0 runs, 0 hits, 0 errors, 0 left on base; Florida State University 4 - University of Oklahoma 2 |
|